 Dungeon Crawl Stone Soup version 0.28-a0-1087-gf3fc490d9d (webtiles) character file.

Game seed: 10872900724275303497

471 ytrimaz the Insei (level 7, -13/46 HPs)
             Began as an Octopode Transmuter on Dec 10, 2021.
             Mangled by a two-headed ogre (32 damage)
             ... on level 4 of the Dungeon.
             The game lasted 00:04:14 (4257 turns).

ytrimaz the Insei (Octopode Transmuter)             Turns: 4257, Time: 00:04:15

Health: -13/46     AC:  1    Str:  9    XL:     7   Next: 9%
Magic:  6/12       EV: 13    Int: 17    God:
Gold:   64         SH:  0    Dex: 13    Spells: 3/12 levels left

rFire   . . .      SeeInvis .     - Unarmed
rCold   . . .      Faith    .   (no shield)
rNeg    . . .      Spirit   .   (helmet restricted)
rPois   +          Reflect  .   (no amulet)
rElec   .          Harm     .   e - ring of poison resistance
rCorr   .          Rampage  .   (no ring)
Will    .....                   (no ring)
Stlth   ++........              (no ring)
HPRegen 0.15/turn               (no ring)
MPRegen 0.13/turn               (no ring)
                                (no ring)
                                (no ring)

@: no status effects
A: almost no armour, amphibious, 8 rings, camouflage 1, gelatinous body 1,
(nimble swimmer 1), tentacles
a: no special abilities


You were on level 4 of the Dungeon.
You visited 1 branch of the dungeon, and saw 4 of its levels.

You collected 64 gold pieces.

Inventory:

Jewellery
 e - a ring of poison resistance (left tentacle)
Scrolls
 d - 2 scrolls of blinking
 f - a scroll of fog
 g - a scroll of holy word
Potions
 a - 2 potions of magic
 b - a potion of brilliance {unknown}
 c - a potion of invisibility {unknown}


   Skills:
 * Level 3.3 Fighting
 - Level 2.0 Dodging
 + Level 5.0 Unarmed Combat
 * Level 3.4 Spellcasting
 * Level 3.9 Transmutations
 + Level 0.1 Ice Magic
 + Level 0.5 Poison Magic


You had 3 spell levels left.
You knew the following spells:

 Your Spells              Type           Power      Damage    Failure   Level
a - Beastly Appendage     Tmut           32%        N/A       3%          1
b - Wereblood             Tmut           16%        N/A       4%          2
c - Spider Form           Tmut/Pois      10%        N/A       21%         3
d - Ozocubu's Armour      Ice            3%         N/A       43%         3

Your spell library contained the following spells:

 Spells                   Type           Power      Damage    Failure   Level
 Animate Skeleton         Necr           4%         N/A       17%         1
 Apportation              Tloc           4%         N/A       17%         1
 Summon Small Mammal      Summ           8%         N/A       17%         1
 Ice Form                 Ice/Tmut       9%         N/A       58%         4
 Metabolic Englaciation   Hex/Ice        1%         N/A       99%         5
 Simulacrum               Ice/Necr       1%         N/A       100%        6


Dungeon Overview and Level Annotations

Branches:
Dungeon (4/15)
 Temple: D:4-7

Altars:
Yredelemnul


Innate Abilities, Weirdness & Mutations

You cannot wear most types of armour.
You are amphibious.
You can wear up to eight rings at the same time.
Your skin changes colour to match your surroundings (Stealth+).
Your rubbery body absorbs attacks. (AC +1, EV +1)
((You are camouflaged near water. (Stealth+)))
You have tentacles for arms and can constrict up to eight enemies at once.


Message History

Unknown command.
Your icy armour will break if you move.
Continue?
Okay, then.
Unknown command.
Unknown command.
You hit the two-headed ogre.
The two-headed ogre is poisoned.
The two-headed ogre is lightly wounded.
The two-headed ogre closely misses you. x2
You hit the two-headed ogre.
The two-headed ogre looks as sick as possible!
The two-headed ogre is lightly wounded.
The two-headed ogre hits you with a +0 giant club!
The two-headed ogre barely misses you.
You hit the two-headed ogre.
The two-headed ogre looks as sick as possible!
The two-headed ogre is lightly wounded.
Unknown command.
You hit the two-headed ogre.
The two-headed ogre looks as sick as possible!
The two-headed ogre is moderately wounded.
The two-headed ogre hits you with a +0 giant club!
The two-headed ogre misses you.
Your magical contamination has completely faded away.
Unknown command.
Your icy armour will break if you move.
Continue?
Okay, then.
Your icy armour will break if you move.
Continue?
Your icy armour cracks and falls away as you move.
Unknown command.
Things that are here:
a +0 club; a goblin corpse Your transformation is almost over.
Found a silvery potion.
Your transformation has ended.
Your primal bloodlust is almost over.
Your primal bloodlust has ended.
Unknown command.
The two-headed ogre closely misses you.
The two-headed ogre hits you with a +0 giant spiked club!!
Ouch! That really hurt!
You die...

..#...#...#...#...#...#
.#.....#.###.#....)#.###.#
###...###...###...###...#
.#.###.#.....#.###.#.....#
#...#...#...#...#
..#...#....
#...#...#####...#...#####
... #...#...#...#...#...#
# .#.###.#.....#.###.#.
###.!.###...###O@.###.
#.....###.###### # #.....#
## #...... ##..#. ## ##


You could see a two-headed ogre (very poisoned).

Vanquished Creatures
  A necrophage (D:4)
  3 vampire bats (D:3)
  An orc priest (D:3)
  Jessica (D:2)
  Natasha (D:2)
  A scorpion zombie (D:3)
  A hound zombie (D:3)
  Robin (D:2)
  3 gnolls (D:2)
  3 adders
  A dart slug (D:1)
  4 orcs (D:3)
  5 endoplasms
  2 giant cockroaches (D:2)
  15 goblins
  8 hobgoblins
  A quokka (D:1)
  6 ball pythons
  12 bats
  3 frilled lizards
  8 kobolds
  3 rats
84 creatures vanquished.

Notes
Turn   | Place    | Note
-------+----------+-------------------------------------------
     0 | D:1      | ytrimaz the Octopode Transmuter began the quest for the
                  | Orb.
     0 | D:1      | Reached XP level 1. HP: 13/13 MP: 3/3
   146 | D:1      | Reached XP level 2. HP: 16/18 MP: 3/5
   747 | D:1      | Found a faded altar of an unknown god.
   926 | D:1      | Reached XP level 3. HP: 18/19 MP: 6/6
   929 | D:1      | Learned a level 2 spell: Wereblood
   933 | D:1      | Learned a level 3 spell: Spider Form
  1142 | D:2      | Noticed Jessica
  1148 | D:2      | Killed Jessica
  1436 | D:2      | Reached XP level 4. HP: 27/28 MP: 1/7
  1806 | D:2      | Noticed Robin
  1842 | D:2      | Killed Robin
  1843 | D:2      | Reached skill level 4 in Unarmed Combat
  1843 | D:2      | Reached XP level 5. HP: 13/34 MP: 7/9
  2302 | D:2      | Noticed Natasha
  2314 | D:2      | Killed Natasha
  3296 | D:3      | Reached XP level 6. HP: 40/41 MP: 10/10
  3304 | D:3      | Found a basalt altar of Yredelemnul.
  4019 | D:3      | Learned a level 3 spell: Ozocubu's Armour
  4192 | D:4      | Noticed a necrophage
  4197 | D:4      | Killed a necrophage
  4198 | D:4      | Reached skill level 5 in Unarmed Combat
  4198 | D:4      | Reached XP level 7. HP: 44/46 MP: 9/12
  4217 | D:4      | Noticed a two-headed ogre
  4257 | D:4      | Mangled by a two-headed ogre

Illustrated notes

Levels and vault maps discovered:
D:1:      eino_arrival_cavern_d, layout_rooms, dreamdust_ecumenical_altar_grove,
          minmay_stone_trees_medium, minmay_misc_feat_doors, skrybe_limestone_x,
          minmay_octomino_e4
D:2:      layout_rooms, minmay_surrounded, uniq_jessica, uniq_natasha,
          uniq_robin
D:3:      layout_basic, lemuel_zombie_altar_yredelemnul, roderic_batcave
D:4:      nicolae_cairo_tiling, layout_cave_pools, nicolae_vehumet_radiance,
          uniq_sigmund

Skill      XL: |  1  2  3  4  5  6 |
---------------+-------------------+-----
Unarmed Combat | 4 5 |  5.0
Spellcasting   | 3 |  3.4
Transmutations | 3 |  3.9
Fighting       | 2 3 |  3.3
Dodging        | |  2.0
Ice Magic      | |  0.1
Poison Magic   | |  0.5

Action                   |  1- 3 |  4- 6 |  7- 9 || total
-------------------------+-------+-------+-------++-------
Melee: Unarmed           |    50 |   151 |     4 ||   205
       Kick              |     6 |    10 |       ||    16
       Constrict         |    11 |    31 |       ||    42
       Tentacles         |     4 |    23 |       ||    27
       Punch             |       |     1 |       ||     1
 Cast: Beastly Appendage |     5 |     7 |       ||    12
       Spider Form       |     1 |     2 |     1 ||     4
       Wereblood         |       |     3 |     1 ||     4
       Ozocubu's Armour  |       |     1 |     1 ||     2
  Use: Scroll            |     4 |     2 |       ||     6
 Stab: Sleeping          |     6 |     5 |       ||    11
Armor: Skin              |     5 |    27 |       ||    32
Dodge: Dodged            |    20 |   132 |     5 ||   157

Table legend: (Time is in decaauts)
 A = Elapsed time spent in this place.
 B = Non-inter-level travel time spent in this place.
 C = Inter-level travel time spent in this place.
 D = Time resting spent in this place.
 E = Time spent auto-exploring this place.
 F = Levels seen in this place.
 G = Mean time per level.
                   A        B        C        D        E       F      G
               +--------+--------+--------+--------+--------+-----+--------+
         Total |   4241 |   4153 |     88 |    545 |   2951 |   4 | 1060.2 |
       Dungeon |   4241 |   4153 |     88 |    545 |   2951 |   4 | 1060.2 |
               +--------+--------+--------+--------+--------+-----+--------+

Top non-repeatable levels by time:
     D:3: 1519 daAuts
     D:1: 1315 daAuts
     D:2: 1195 daAuts
     D:4: 211 daAuts
